 Dungeon Crawl Stone Soup version 0.31-a0-851-g7ff8af7976 (webtiles) character file.

Game seed: 1710204522163432171

39 Dirtsage the Chopper (level 3, -2/43 HPs)
             Began as a Demonspawn Berserker on Oct 6, 2023.
             Was a Follower of Trog.
             Killed by nerve-wracking pain
             ... invoked by an orc priest
              (13 damage)
             ... on level 2 of the Dungeon.
             The game lasted 00:02:25 (1006 turns).

Dirtsage the Chopper (Demonspawn Berserker)         Turns: 1006, Time: 00:02:26

Health: -2/43      AC:  8    Str: 19    XL:     3   Next: 28%
Magic:  3/3        EV: 11    Int:  8    God:    Trog [*.....]
Gold:   17         SH:  0    Dex: 12    Spells: 2/2 levels left

rFire   . . .        a - +0 hand axe
rCold   . . .        (no shield)
rNeg    . . .        c - +0 ring mail {rPois}
rPois   +            (no helmet)
rElec   .            (no cloak)
rCorr   .            (no gloves)
SInv    .            g - +0 pair of boots
Will    .....        (no amulet) Stlth
                     (no ring)
HPRegen 0.27/turn    (no ring)
MPRegen 0.08/turn

%: no passive effects
@: berserking, very quick
A: icy blue scales 1
a: Renounce Religion, Berserk


You were on level 2 of the Dungeon.
You worshipped Trog.
Trog was aware of your devotion.
You visited 1 branch of the dungeon, and saw 2 of its levels.

You collected 17 gold pieces.

Inventory:

Hand Weapons
 a - a +0 hand axe (weapon)
Armour
 c - a +0 ring mail of poison resistance (worn)
 g - a +0 pair of boots (worn)
Scrolls
 d - a scroll of amnesia {unknown}
 i - a scroll of identify
Potions
 b - a potion of ambrosia {unknown}
 e - a potion of berserk rage
 q - a potion of curing


   Skills:
 - Level 3.0 Fighting
 + Level 4.0 Axes
 - Level 1.7 Armour
 - Level 1.7 Dodging


You had 2 spell levels left.
You didn't know any spells.
Your spell library contained the following spells:

 Spells                   Type           Power      Damage    Failure   Level
 Wereblood                Tmut           0%         N/A       75%         2
 Irradiate                Conj/Tmut      0%         3d11      100%        5


Dungeon Overview and Level Annotations

Branches:
Dungeon (2/15)

Altars:

Shops:
D:1 !([:[


Innate Abilities, Weirdness & Mutations

You are partially covered in icy blue scales. (AC +2)


Message History

You see here a +0 whip.
d - a scroll labelled ZIRIOJ KAPS You open the door.
There is an open door here.
You open the door.
There is an open door here.
You open the door.
There is an open door here.
You open the door.
There is an open door here.
You open the door.
There is an open door here. 2 orcs come into view.
The orc shouts!
There are monsters nearby!
An orc priest comes into view. It is wielding a +1 vampiric dagger.
The orc priest shouts!
The orc priest calls down the wrath of Beogh upon you.
Beogh smites you!
Ouch! That really hurt!
An orc comes into view. It is wielding a +0 club. x2
You take 15 damage, and have 14/29 hp.
MASSIVE DAMAGE!!
You are too injured to fight recklessly!
You are too injured to fight recklessly!
A red film seems to cover your vision as you go berserk!
You feel yourself moving faster!
You feel mighty!
You can no longer call upon Trog for regeneration and willpower.
The orc priest invokes the aid of Beogh against you.
Beogh smites you!
* * * LOW HITPOINT WARNING * * *
You now have 11/43 hp.
You slash the orc!
You kill the orc!
Trog accepts your kill.
You slash the orc!
You kill the orc!
Trog accepts your kill.
The orc priest invokes the aid of Beogh against you.
Pain shoots through your body!
You die...

..#.#.##.#.#.##### #.#
..#.#....#.#.#...# #.#
...#.+####'.#.....# #.#
..
#........#.#...####.#
..+########'.+.>....)..
#............#...####..
####.##.###......# #..
####....######...# #..
#.....@.....##...# ##..
#.#...))..#.###+## #..#
#.~...~.# ####.##
#....o..# #......
#.o.....# #.8#####
#..o....# #.##...#
#.~...~.# # #.8.8.
#..^....# #..<.. #.8.8.


You could see an orc priest and 2 orcs.

Vanquished Creatures
  A gnoll (D:1)
  A dart slug (D:1)
  2 orcs (D:2)
  A ball python (D:1)
  An endoplasm (D:1)
  2 giant cockroaches
  3 goblins (D:1)
  4 jackals (D:1)
  3 quokkas (D:1)
  2 bats (D:1)
  2 frilled lizards (D:1)
  3 kobolds (D:1)
  A rat (D:1)
26 creatures vanquished.

Notes
Turn   | Place    | Note
-------+----------+-------------------------------------------
     0 | D:1      | Dirtsage the Demonspawn Berserker began the quest for the
                  | Orb.
     0 | D:1      | Reached XP level 1. HP: 18/18 MP: 1/1
    39 | D:1      | Found Jehiebif's Weapon Emporium.
    58 | D:1      | Reached skill level 3 in Axes
   203 | D:1      | Found Wanid's Armour Shoppe.
   211 | D:1      | Gained mutation: You are partially covered in icy blue
                  | scales. (AC +2) [demonic ancestry]
   211 | D:1      | Reached XP level 2. HP: 19/24 MP: 2/2
   347 | D:1      | Found Irapiomu's Armour Shop.
   403 | D:1      | Found a faded altar of an unknown god.
   410 | D:1      | Reached XP level 3. HP: 27/29 MP: 3/3
   462 | D:1      | Found Georphig's Book Shop.
   530 | D:1      | Found Gyfuuganu's Distillery.
   565 | D:1      | Reached skill level 4 in Axes
   782 | D:1      | Reached ** piety under Trog
  1006 | D:2      | Killed from afar by an orc priest

Illustrated notes

Levels and vault maps discovered:
D:1:      lightli_arrival_flooded_house, layout_basic, serial_shops, shop, shop,
          shop, shop, shop, hellmonk_ecumenical_altar_dog_temple,
          nicolae_grassy_gnolls
D:2:      cheibrodos_pilgrimage, layout_basic, minivault_11,
          grunt_ministairs_11, roderic_lattice_a

Skill      XL: |  1  2  3 |
---------------+----------+-----
Axes           | 3 4 |  4.0
Fighting       | |  3.0
Armour         | |  1.7
Dodging        | |  1.7

Action                     || total
---------------------------++-------
  Melee: Hand axe          ||    61
 Invoke: Berserk           ||     1
    Use: Scroll            ||     2
 Armour: Ring mail         ||    34
         Animal skin       ||     7
  Dodge: Dodged            ||    30

Table legend: (Time is in decaauts)
 A = Elapsed time spent in this place.
 B = Non-inter-level travel time spent in this place.
 C = Inter-level travel time spent in this place.
 D = Time resting spent in this place.
 E = Time spent auto-exploring this place.
 F = Levels seen in this place.
 G = Mean time per level.
                   A        B        C        D        E       F      G
               +--------+--------+--------+--------+--------+-----+--------+
         Total |   1014 |   1001 |     13 |      0 |    842 |   2 |  507.0 |
       Dungeon |   1014 |   1001 |     13 |      0 |    842 |   2 |  507.0 |
               +--------+--------+--------+--------+--------+-----+--------+

Top non-repeatable levels by time:
     D:1: 913 daAuts
     D:2: 100 daAuts
